 Dungeon Crawl Stone Soup version 0.24-a0-458-gfcb5e6da0e (webtiles) character file.

Game seed: 1736979657948088187

3087 pk666 the Thaumaturge (level 9, 0/45 HPs)
             Began as a Deep Elf Wizard on June 27, 2019.
             Was a Follower of Vehumet.
             Slain by a meliai zombie (7 damage)
             ... on level 10 of the Dungeon.
             The game lasted 00:25:55 (10480 turns).

pk666 the Thaumaturge (Deep Elf Wizard)            Turns: 10480, Time: 00:25:56

Health: 0/45       AC:  2    Str:  4    XL:     9   Next: 59%
Magic:  15/25      EV: 15    Int: 27    God:    Vehumet [*.....]
Gold:   240        SH:  0    Dex: 13    Spells: 19/28 levels left

rFire    . . .     SeeInvis .   e - +0 dagger
rCold    . . .     Gourm    .   (no shield)
rNeg     . . .     Faith    .   a - +0 robe
rPois    .         Spirit   .   b - +0 hat
rElec    .         Reflect  .   (no cloak)
rCorr    .         Harm     .   (no gloves)
MR       .....                  (no boots)
Stlth    ++........             C - amulet of the acrobat
HPRegen  0.15/turn              (no ring)
MPRegen  0.19/turn              (no ring)

@: no status effects
A: no striking features
a: Renounce Religion


You were on level 10 of the Dungeon.
You worshipped Vehumet.
Vehumet was aware of your devotion.
You were not hungry.

You visited 2 branches of the dungeon, and saw 10 of its levels.

You collected 240 gold pieces.

Inventory:

Hand Weapons
 e - a +0 dagger (weapon)
Armour
 a - a +0 robe (worn)
 b - a +0 hat (worn)
Jewellery
 z - an uncursed ring of fire
 C - an amulet of the acrobat (around neck)
Wands
 l - a wand of enslavement (12)
 u - a wand of iceblast (2)
 A - a wand of paralysis (7)
 B - a wand of acid (14)
Scrolls
 c - 11 scrolls of identify {unknown}
 f - 2 scrolls of magic mapping {unknown}
 g - a scroll of random uselessness {unknown}
 h - 6 scrolls of remove curse {unknown}
 i - 7 scrolls of amnesia {unknown}
 j - 5 scrolls of teleportation {unknown}
 m - 6 scrolls of immolation {unknown}
 q - a scroll of fear {unknown}
 s - a scroll of fog {unknown}
 v - a scroll of noise {unknown}
 w - a scroll of acquirement {unknown}
 x - a scroll of holy word {unknown}
 y - a scroll of blinking {unknown}
Potions
 k - a potion of cancellation {unknown}
 o - a potion of flight {unknown}
 p - 2 potions of degeneration {unknown}
 r - a potion of brilliance {unknown}
 t - 2 potions of resistance {unknown}
Miscellaneous
 E - a lightning rod (3/4)
Comestibles
 d - 14 rations
 D - 4 chunks of flesh


   Skills:
 + Level 5.7 Dodging
 - Level 2.4 Stealth
 + Level 10.0 Spellcasting
 + Level 7.6 Conjurations
   Level 1.1 Summonings
 - Level 3.0 Translocations
 + Level 7.1 Fire Magic
 - Level 2.0 Air Magic
 - Level 3.0 Poison Magic


You had 19 spell levels left.
You knew the following spells:

 Your Spells              Type           Power        Failure   Level  Hunger
a - Magic Dart            Conj           ####         1%          1    None
b - Blink                 Tloc           N/A          1%          2    None
c - Conjure Flame         Conj/Fire      ######..     1%          3    None
d - Mephitic Cloud        Conj/Pois/Air  #####...     2%          3    None

Your spell library contained the following spells:

 Spells                   Type           Power        Failure   Level  Hunger
 Sandblast                Erth           ##....       4%          1    None
 Call Imp                 Summ           ###.....     4%          2    None
 Slow                     Hex            ##......     6%          2    None


Dungeon Overview and Level Annotations

Branches:
Dungeon (8/15)             Temple (1/1) D:4            Lair (0/6) D:8

Altars:
Ashenzari
Cheibriados
Dithmenos
Elyvilon
Fedhas
Gozag
Hepliaklqana
Makhleb
Nemelex Xobeh
Okawaru
Qazlal
Ru
Sif Muna
Trog
Vehumet
Wu Jian
Xom
Zin

Shops:
D:5 %

Annotations:
D:7 exclusion: downstairs
D:10 Maurice, Snorg


Message History

The meliai zombie is engulfed in blazing flames.
The meliai zombie hits you.
* * * LOW HITPOINT WARNING * * *
The meliai zombie completely misses you.
Casting: Conjure Flame (safe; 1% risk of failure)
Confirm with . or Enter, or press ? or * to list all spells.
You blink.
The meliai zombie is engulfed in blazing flames.
Okay, then.
Something completely misses you. Something hits you.
* * * LOW HITPOINT WARNING * * *
Casting: Blink (safe; 1% risk of failure)
Confirm with . or Enter, or press ? or * to list all spells.
You blink.
Something hits you!
* * * LOW HITPOINT WARNING * * *
You feel better. Something hits you but does no damage.
The meliai zombie hits you but does no damage.
The meliai zombie hits you!
You die...

#..# #.≈≈≈≈.# #..# #..≈≈..#
...# #......#
...###########....##########
............................
............................
...........(................
..............§..Z..........
##..............@...........
#...###########............
#...# #....######## #...#
#....# #...# #....# ....#
#....# ....[. .....# ......


You could see a meliai zombie.

Vanquished Creatures
  Grinder (D:5)
  A hippogriff (D:10)
  A spriggan (D:7)
  Sigmund (D:2)
  2 orc warriors
  A hornet zombie (D:10)
  2 necrophages
  2 ogres
  A wyvern zombie (D:6)
  8 killer bees
  3 crimson imps
  A centaur zombie (D:7)
  2 jellies
  2 bullfrog zombies
  4 bullfrog skeletons
  2 hounds
  7 orc priests
  4 iguanas
  Ijyb (D:5)
  6 worker ants
  6 orc wizards
  8 gnolls
  A howler monkey skeleton (D:10)
  7 adders
  A shadow imp (D:5)
  4 oozes
  An adder zombie (D:5)
  2 worms
  4 dart slugs
  2 leopard geckos
  17 orcs
  4 giant cockroaches
  4 hobgoblins
  4 jackals
  2 kobolds (D:2)
  5 quokkas
  3 ball pythons
  4 bats
  4 frilled lizards
  3 goblins
  A jackal skeleton (D:5)
  A leopard gecko skeleton (D:6)
  7 rats
147 creatures vanquished.

Vanquished Creatures (collateral kills)
  An orc wizard (D:8)
  An orc (D:4)
2 creatures vanquished.

Vanquished Creatures (others)
  A scorpion (D:6)
  An electric eel (D:8)
  An orc wizard (D:8)
  A withered plant (D:8)
4 creatures vanquished.

Grand Total: 153 creatures vanquished

Notes
Turn   | Place    | Note
-------+----------+-------------------------------------------
     0 | D:1      | pk666 the Deep Elf Wizard began the quest for the Orb.
     0 | D:1      | Reached XP level 1. HP: 10/10 MP: 7/7
   431 | D:1      | Reached XP level 2. HP: 15/15 MP: 6/9
  1236 | D:2      | Reached skill level 5 in Spellcasting
  1236 | D:2      | Reached XP level 3. HP: 14/19 MP: 3/11
  1301 | D:2      | Learned a level 2 spell: Blink
  1305 | D:2      | Learned a level 3 spell: Conjure Flame
  1309 | D:2      | Learned a level 3 spell: Mephitic Cloud
  1822 | D:2      | Found an ornate altar of the Wu Jian Council.
  1849 | D:2      | Noticed Sigmund
  2279 | D:2      | Killed Sigmund
  2279 | D:2      | Reached skill level 1 in Fire Magic
  2279 | D:2      | Reached skill level 1 in Air Magic
  2279 | D:2      | Reached skill level 1 in Poison Magic
  2279 | D:2      | Reached XP level 4. HP: 24/24 MP: 0/13
  2279 | D:2      | Reached XP level 5. HP: 28/28 MP: 0/15
  3109 | D:3      | Reached XP level 6. HP: 32/32 MP: 3/16
  3695 | D:4      | Found a staircase to the Ecumenical Temple.
  3700 | Temple   | Entered the Ecumenical Temple
  4361 | D:4      | Reached skill level 6 in Spellcasting
  4626 | D:4      | Found a deep blue altar of Sif Muna.
  4636 | D:4      | Reached XP level 7. HP: 24/36 MP: 9/18
  5181 | D:5      | Entered Level 5 of the Dungeon
  5189 | D:5      | Noticed Ijyb
  5204 | D:5      | Killed Ijyb
  5311 | D:5      | Noticed Grinder
  5314 | D:5      | Paralysed by Grinder for 5 turns
  5347 | D:5      | Paralysed by Grinder for 2 turns
  5352 | D:5      | Paralysed by Grinder for 5 turns
  5359 | D:5      | Paralysed by Grinder for 2 turns
  5364 | D:5      | Killed Grinder
  5364 | D:5      | Reached skill level 7 in Spellcasting
  5708 | D:5      | Found Qinwopp's Food Shoppe.
  5882 | D:5      | Reached skill level 5 in Conjurations
  5960 | D:5      | Reached XP level 8. HP: 41/41 MP: 15/21
  6099 | D:5      | Found a hazy altar of Hepliaklqana.
  6573 | D:5      | Found a radiant altar of Vehumet.
  6584 | D:5      | Became a worshipper of Vehumet
  6957 | D:6      | Reached skill level 8 in Spellcasting
  7080 | D:6      | Found a shattered altar of Ashenzari.
  7088 | D:6      | Reached skill level 5 in Fire Magic
  7965 | D:6      | Found a stormy altar of Qazlal.
  8657 | D:7      | Found a shimmering altar of Xom.
  8658 | D:7      | Found a shimmering altar of Xom.
  8660 | D:7      | Found a shimmering altar of Xom.
  8661 | D:7      | Found a shimmering altar of Xom.
  8661 | D:7      | Found a shimmering altar of Xom.
  8664 | D:7      | Found a shimmering altar of Xom.
  8675 | D:7      | Reached skill level 9 in Spellcasting
  8760 | D:7      | Reached XP level 9. HP: 45/45 MP: 12/24
  9082 | D:7      | Noticed a faun
  9381 | D:8      | Found a staircase to the Lair.
  9381 | D:8      | Noticed a fire dragon
  9750 | D:8      | You fall into a shaft and drop 2 floors!
  9750 | D:10     | Entered Level 10 of the Dungeon
  9785 | D:10     | Reached * piety under Vehumet
  9785 | D:10     | Offered knowledge of Sandblast by Vehumet.
 10040 | D:10     | Reached skill level 5 in Dodging
 10135 | D:10     | Noticed Maurice
 10299 | D:10     | Reached skill level 10 in Spellcasting
 10445 | D:10     | Noticed Snorg
 10479 | D:10     | HP: 1/45 [something (8)]
 10480 | D:10     | Slain by a meliai zombie

Levels and vault maps discovered:
D:1:      onia_arrival_handbag, layout_loops_cross, fountainhead
D:2:      layout_basic, kennysheep_flooded_box, uniq_sigmund
D:3:      layout_basic, first_ration
D:4:      layout_loops_cross, minmay_temple_entry_nine_rooms,
          minmay_splitting_lines, minmay_ruined_shrine
D:5:      layout_cave_pods, kennysheep_little_box, old_standard_altar,
          serial_shops, shop, uniq_grinder, uniq_ijyb
D:6:      layout_loops_ring, grunt_qazlal_clouds, minmay_statues_item,
          mrwooster_statue_mirror, cheibrodos_ashenzari_chains
D:7:      layout_cave_pools, the_bakery, xom_shifter_show
D:8:      layout_basic, kiku_gazebo_pond_becter, minmay_lair_entry_lava,
          serial_undead, serial_undead_b, serial_undead_d, serial_undead_b,
          serial_undead_b, minivault_14, minmay_fractal_squares_diagonal_5
D:10:     minmay_weird_star, layout_irregular_city, uniq_snorg, uniq_maurice
Temple:   regret_index_temple_waves

Skill      XL: |  1  2  3  4  5  6  7  8  9 |
---------------+----------------------------+-----
Dodging        | 3 4 5 |  5.7
Conjurations   | 2 3 5 6 7 |  7.6
Spellcasting   | 5 6 7 9 10 | 10.0
Translocations | 2 3 |  3.0
Fire Magic     | 1 2 4 6 7 |  7.1
Air Magic      | 1 2 |  2.0
Poison Magic   | 1 2 3 |  3.0
Stealth        | |  2.4
Summonings     | |  1.1

Action                   |  1- 3 |  4- 6 |  7- 9 || total
-------------------------+-------+-------+-------++-------
Melee: Dagger            |     3 |     2 |    11 ||    16
 Cast: Magic Dart        |    99 |    86 |   360 ||   545
       Mephitic Cloud    |     3 |     4 |    32 ||    39
       Conjure Flame     |     1 |     5 |    25 ||    31
       Blink             |       |     1 |    10 ||    11
Evoke: Lightning rod     |       |       |     1 ||     1
  Use: Potion            |       |       |     1 ||     1
  Eat: Chunk             |     3 |     8 |    11 ||    22
       Ration            |       |       |     2 ||     2
Armor: Robe              |     1 |     2 |     6 ||     9
Dodge: Dodged            |     5 |    15 |    66 ||    86

Table legend:
 A = Non-vault XP
 B = Vault XP
 C = Vault XP percentage of total XP
 D = Non-vault monster count
 E = Vault monster count
 F = Vault count percentage of total count
                 A         B        C        D         E       F
            +---------+---------+-------+---------+---------+-------
      Total |    3347 |    1064 |  24.1 |     138 |      13 |   8.6
            +---------+---------+-------+---------+---------+-------
        D:1 |      29 |       4 |  12.1 |      10 |       4 |  28.6
        D:2 |      83 |     223 |  72.9 |      22 |       1 |   4.3
        D:3 |      64 |       0 |   0.0 |      14 |       0 |   0.0
        D:4 |     394 |     156 |  28.4 |      13 |       3 |  18.8
        D:5 |     487 |     303 |  38.4 |      20 |       2 |   9.1
        D:6 |     808 |      34 |   4.0 |      26 |       1 |   3.7
        D:7 |     156 |     229 |  59.5 |       5 |       1 |  16.7
        D:8 |     231 |     115 |  33.2 |       8 |       1 |  11.1
       D:10 |    1095 |       0 |   0.0 |      20 |       0 |   0.0
            +---------+---------+-------+---------+---------+-------
